AoeStats
← Ux'DonChauron

Oasis

510182151Analyzed
3v3 RM · 2d ago on Sep 29, 2026· 44m 59s· 6 players
Game mode
Random Map
Map size
Normal (6 player)
Population
200
Speed
Normal
Resources
Standard
Victory
Conquest
Starting age
Dark Age
Ending age
Imperial Age
RankedLock teamsTeams togetherTeam positionsShared explorationLock speedFull tech treeHidden civsTurbo modeCheats
Victory
Defeat
🇪🇸 Persians · Spain
1556
+13
🇪🇸 Saxons · Spain
1486
+16
🇪🇸 Ethiopians · Spain
1404
+19
🇺🇸 Chinese · United States
1497
-17
🇺🇸 Mongols · United States
1476
-16
🇩🇪 Magyars · Germany
1464
-15
aswjegk
10:04 Feudal Age
11:27 Double-Bit Axe
11:52 Horse Collar
13:10 Loom
13:50 Loom
23:49 Castle Age
21:58 Scale Barding Armor
22:02 Gold Mining
22:46 Bloodlines
25:03 Chain Barding Armor
35:28 Stone Mining
35:54 Bow Saw
35:48 Town Watch
36:48 Fletching
44:08 Imperial Age
42:28 Husbandry
44:07 Corvinian Army
YOGRANNYCANTSCRAP
8:37 Feudal Age
9:55 Double-Bit Axe
11:34 Forging
14:50 Scale Barding Armor
15:28 Bloodlines
29:11 Castle Age
29:18 Light Cavalry
30:24 Chain Barding Armor
30:17 Husbandry
34:34 Wheelbarrow
40:23 Iron Casting
The Daunting Knight
0:27 Loom
9:34 Feudal Age
10:19 Double-Bit Axe
13:56 Fletching
15:27 Padded Archer Armor
15:15 Man-at-Arms
21:46 Gold Mining
22:55 Horse Collar
27:52 Castle Age
29:39 Thumb Ring
30:17 Gold Shaft Mining
29:35 Crossbowman
33:52 Bodkin Arrow
Ux'DonChauron
4:27 Loom
7:52 Feudal Age
8:20 Double-Bit Axe
14:44 Forging
16:56 Scale Barding Armor
18:38 Bloodlines
24:51 Castle Age
22:58 Gold Mining
23:02 Horse Collar
24:40 Light Cavalry
25:41 Chain Barding Armor
25:56 Iron Casting
25:41 Chain Barding Armor
26:11 Husbandry
27:12 Wheelbarrow
27:05 Heavy Plow
28:03 Town Watch
30:27 Bow Saw
36:05 Gold Shaft Mining
36:55 Hand Cart
36:53 Stone Mining
40:37 Imperial Age
39:28 Stone Shaft Mining
40:15 Cavalier
41:34 Plate Barding Armor
41:59 Blast Furnace
42:15 Blast Furnace
42:14 Fletching
42:07 Savar
43:25 Masonry
44:19 Conscription
44:49 Coinage
44:25 Caravan
Ux'TheNovack
4:35 Loom
9:12 Feudal Age
9:49 Double-Bit Axe
12:08 Fletching
13:51 Padded Archer Armor
24:56 Castle Age
24:58 Crossbowman
25:34 Bodkin Arrow
26:05 Horse Collar
29:34 Gold Mining
29:37 Stone Mining
30:30 Wheelbarrow
33:19 Thumb Ring
40:31 Imperial Age
39:47 Heated Shot
40:42 Ballistics
40:33 Arbalester
41:21 Bracer
42:33 Chemistry
42:39 Leather Archer Armor
43:49 Conscription
Ux'Tycho0201
5:46 Loom
8:32 Feudal Age
13:16 Fletching
23:13 Double-Bit Axe
29:06 Castle Age
29:10 Crossbowman
30:06 Bodkin Arrow
Connection lost

Rejoining the realm…

Still unreachable

The connection could not be restored.

Session expired

The server has moved on; the page needs a fresh start.